 Dungeon Crawl Stone Soup version 0.28-a0-998-gb9e9c7b67e (webtiles) character file.

Game seed: 891280323281810493

179629 Armakuni the Thaumaturge (level 18, -14/134 HPs)
             Began as a Human Gladiator on Dec 5, 2021.
             Was a High Priest of Vehumet.
             Demolished by a swamp worm (18 damage)
             ... on level 1 of the Swamp.
             The game lasted 02:05:15 (43268 turns).

Armakuni the Thaumaturge (Human Gladiator)         Turns: 43268, Time: 02:05:16

Health: -14/134    AC: 15    Str: 19    XL:     18   Next: 54%
Magic:  38/54      EV: 15    Int: 22    God:    Vehumet [*****.]
Gold:   299        SH:  5    Dex: 12    Spells: 3/45 levels left

rFire   + . .      SeeInvis +   a - +3 eveningstar of the Sky {vamp, MP+9 Str+3 Int+7 Dex-3}
rCold   + + .      Faith    .   q - +0 buckler
rNeg    + + .      Spirit   .   I - +4 skin of Zhor {*Englaciate rC+++ SInv}
rPois   +          Reflect  .   Q - +2 hat {SInv}
rElec   .          Harm     .   b - +0 cloak {rCorr}
rCorr   +          Rampage  .   m - +2 pair of gloves of Oblivion {rPois rC- rN++ Slay+3}
Will    +....                   l - +0 pair of boots
Stlth   +.........              R - amulet of regeneration
HPRegen 1.12/turn               P - ring of magical power
MPRegen 0.34/turn               F - ring of protection from fire

@: studying Polearms, very slow
A: screaming 1
}: 1/15 runes: serpentine
a: Renounce Religion


You were on level 1 of the Swamp.
You worshipped Vehumet.
Vehumet was extremely pleased with you.
You visited 6 branches of the dungeon, and saw 29 of its levels.
You visited 1 bazaar.
You also visited: Gauntlet.

You collected 3041 gold pieces.
You spent 2742 gold pieces at shops.

Inventory:

Hand Weapons
 a - the +3 eveningstar of the Sky (weapon) {vamp, MP+9 Str+3 Int+7 Dex-3}
   (You bought it in a shop on level 9 of the Dungeon)

   It occasionally heals its wielder for a portion of the damage dealt when it
   wounds a living foe.
   Str:       It affects your strength (+3).
   Int:       It affects your intelligence (+7).
   Dex:       It affects your dexterity (-3).
   MP:        It affects your magic capacity (+9).
Missiles
 i - 4 curare-tipped darts
 k - a throwing net
Armour
 b - a +0 cloak of preservation (worn)
 l - a +0 pair of boots (worn)
 m - the +2 pair of gloves of Oblivion (worn) {rPois rC- rN++ Slay+3}
   (You bought it in a shop in a bazaar)

   Slay:      It affects your accuracy & damage with ranged weapons and melee
   (+3).
   rC:        It makes you vulnerable to cold.
   rPois:     It protects you from poison.
   rN:        It greatly protects you from negative energy.
 q - a +0 buckler (worn)
 x - +1 swamp dragon scales
 I - the +4 skin of Zhor (worn) {*Englaciate rC+++ SInv}
   (You found it on level 4 of the Lair of Beasts)

   It radiates cold, occasionally slowing all nearby creatures who are not
   resistant to cold.
   rC:        It renders you almost immune to cold.
   SInv:      It lets you see invisible.
 N - +0 gold dragon scales
 Q - a +2 hat of see invisible (worn)
Jewellery
 g - a +4 ring of slaying
 F - a ring of protection from fire (right hand)
 H - an amulet of reflection
 J - a ring of ice
 K - a ring of resist corrosion
 M - an amulet of magic regeneration
 P - a ring of magical power (left hand)
 R - an amulet of regeneration (around neck)
Wands
 n - a wand of mindburst (6)
 p - a wand of polymorph (9)
 y - a wand of acid (8)
 T - a wand of flame (12)
Scrolls
 c - 4 scrolls of amnesia
 f - 3 scrolls of noise
 h - 3 scrolls of fear
 j - 2 scrolls of magic mapping
 r - 4 scrolls of vulnerability
 v - 6 scrolls of fog
 w - a scroll of identify
 A - 9 scrolls of teleportation
 D - a scroll of blinking
 U - 2 scrolls of immolation
 V - 2 scrolls of holy word
Potions
 d - 3 potions of brilliance
 e - 6 potions of curing
 o - 2 potions of resistance
 s - 3 potions of ambrosia
 t - 4 potions of flight
 z - 2 potions of lignification
 B - 2 potions of mutation
 E - 4 potions of invisibility
 G - 2 potions of cancellation
 L - 2 potions of haste
 S - a potion of might
Miscellaneous
 C - a tin of tremorstones (inert)


   Skills:
 - Level 10.0 Fighting
 - Level 6.0 Long Blades
 - Level 11.1(11.3) Maces & Flails
 - Level 3.0(7.7) Staves
 - Level 2.0 Throwing
 - Level 9.5 Armour
 - Level 8.7 Dodging
 - Level 4.0 Shields
 + Level 14.2 Spellcasting
 - Level 10.0 Conjurations
 - Level 4.0 Translocations
 + Level 13.4 Fire Magic
 - Level 10.0 Earth Magic
 - Level 3.3 Evocations


You had 3 spell levels left.
You knew the following spells:

 Your Spells              Type           Power      Damage    Failure   Level
a - Spellforged Servitor  Conj/Summ      18%        N/A       69%         7
b - Starburst             Conj/Fire      30%        6d9       1%          6
f - Fireball              Conj/Fire      30%        3d13      1%          5
i - Ignition              Fire           32%        3d10      26%         8
l - Lehudib's Crystal Sp  Conj/Erth      28%        10d7      69%         8
z - Iron Shot             Conj/Erth      28%        9d6       2%          6
B - Blink                 Tloc           66%        N/A       1%          2

Your spell library contained the following spells:

 Spells                   Type           Power      Damage    Failure   Level
 Magic Dart               Conj           100%       1d8       1%          1
 Static Discharge         Conj/Air       37%        N/A       1%          2
 Dazzling Flash           Conj/Hex       74%        N/A       1%          3
 Ignite Poison            Fire/Tmut/Pois 35%        N/A       1%          3
 Mephitic Cloud           Conj/Pois/Air  30%        N/A       1%          3
 Lesser Beckoning         Tloc           33%        N/A       2%          3
 Slow                     Hex            60%        N/A       4%          1
 Summon Small Mammal      Summ           60%        N/A       4%          1
 Call Imp                 Summ           15%        N/A       6%          2
 Call Canine Familiar     Summ           15%        N/A       12%         3
 Confusing Touch          Hex            15%        N/A       12%         3
 Summon Guardian Golem    Hex/Summ       15%        N/A       12%         3
 Vampiric Draining        Necr           15%        2d7       12%         3
 Iskenderun's Mystic Bla  Conj/Tloc      46%        2d10      1%          4
 Sticky Flame             Conj/Fire      61%        2d8       1%          4
 Lee's Rapid Deconstruct  Erth           28%        3d16*     1%          5
 Leda's Liquefaction      Hex/Erth       18%        N/A       4%          4
 Freezing Cloud           Conj/Ice/Air   15%        6-21      8%          5
 Olgreb's Toxic Radiance  Pois           15%        N/A       11%         4
 Manifold Assault         Tloc           33%        N/A       22%         5
 Dispel Undead            Necr           15%        3d10      36%         4
 Statue Form              Tmut/Erth      24%        N/A       61%         6
 Agony                    Necr           15%        N/A       73%         5
 Silence                  Hex/Air        7%         N/A       73%         5
 Ozocubu's Refrigeration  Ice            7%         4d6       99%         7


Dungeon Overview and Level Annotations

Branches:
Dungeon (15/15)            Temple (1/1) D:6            Lair (6/6) D:8
  Swamp (1/4) Lair:2        Snake (4/4) Lair:4        Slime (0/5) Lair:5
    Orc (2/2) D:10            Elf (0/3) Orc:2        Vaults (0/5) D:13
 Depths (0/4) D:15        Gauntlet (visited)

Altars:
Ashenzari
Cheibriados
Dithmenos
Elyvilon
Fedhas
Gozag
Hepliaklqana
Kikubaaqudgha
Makhleb
Nemelex Xobeh
Okawaru
Qazlal
Ru
Sif Muna
Trog
Uskayaw
Vehumet
Wu Jian
Xom
Yredelemnul
Zin
The Shining One

Shops:
D:5 [   D:9 :!:(   Orc:1 ?   Orc:2 (!=[   Snake:3 [?[   Snake:4 :=

Portals:
Hell: Lair:6
Trove: D:14 (give +5 ice dragon scales)

Annotations:
Swamp:1 Xufiri's ghost, adept FoFi


Innate Abilities, Weirdness & Mutations

You occasionally shout uncontrollably at your foes.


Message History

You feel your power returning. Xufiri's ghost hits you!!!
* * * LOW HITPOINT WARNING * * *
Unknown command.
Unknown command.
Unknown command.
Blink to where?
Press: ? - help, Dir - move target
As you read the scroll of blinking, it crumbles to dust.
As you read the scroll of teleportation, it crumbles to dust.
You feel strangely unstable.
Your surroundings seem slightly different.
Xufiri's ghost hits you.
* * * LOW HITPOINT WARNING * * *
Unknown command.
You feel much better. You block Xufiri's ghost's attack.
As you read the scroll of teleportation, it crumbles to dust.
You feel strangely unstable. Xufiri's ghost hits you!!
* * * LOW HITPOINT WARNING * * *
You radiate an aura of cold.
Xufiri's ghost resists.
You radiate an aura of cold.
Xufiri's ghost resists.
Your surroundings suddenly seem different.
Found a ring mail.
Casting: Starburst (dangerous; 1% risk of failure)
Confirm with . or Enter, or press ? or * to list all spells.
Aiming: Fireball (mildly dangerous; 1% risk of failure)
Press: ? - help, Shift-Dir - straight line, f - swamp worm
Aim: a swamp worm The fireball explodes!
The fireball engulfs the swamp worm!!
The swamp worm is heavily wounded.
The swamp worm is engulfed in a cloud of scalding steam.
The swamp worm fires a harpoon shot at you.
The harpoon shot hits you!
* * * LOW HITPOINT WARNING * * *
You are yanked forward by the harpoon shot.
Splash!
You fall into the shallow water.
Moving in this stuff is going to be slow.
The swamp worm is engulfed in a cloud of scalding steam.
The swamp worm bites you!!
You die...

♣♣♣♣.≈≈≈≈.♣ ♣♣.)..§≈≈
♣♣≈...≈≈≈..♣ ♣≈....§≈
♣≈.≈≈≈.≈≈≈≈.♣♣
♣♣♣.≈>..
♣..≈≈...≈≈†≈≈♣♣ ♣♣...♣
♣...≈..[.≈..≈.♣♣♣♣♣≈≈♣
♣≈..≈.≈ .....≈†≈♣♣≈≈≈≈
♣♣♣...♣♣≈.≈≈≈≈≈≈)≈≈≈.≈
♣≈.........≈≈≈≈≈..≈≈≈.
♣♣.≈♣@§§≈...≈≈≈≈≈...≈≈
♣♣ ♣.w§≈..^..≈≈......
.§§§≈.≈≈≈.≈≈..♣♣≈≈
≈≈≈≈≈≈..≈≈.≈≈♣♣♣♣♣♣
§≈≈≈≈≈.......≈♣
♣....≈≈...≈..♣♣♣
♣♣≈≈....♣♣♣♣♣ ♣♣♣♣♣♣♣♣


You could see a swamp worm.

Vanquished Creatures
  Vashnia (Snake:2)
  Nikola (Swamp:1)
  The ghost of Athor the Impaler, an adept FoAK of Lugonu (Snake:4)
  Gastronok (Lair:2)
  Kirke (D:13)
  Donald (Snake:4)
  Roxanne (Snake:2)
  3 nagarajas (Snake:4)
  Aizul (Snake:4)
  Azrael (D:13)
  Josephine (D:15)
  5 naga warriors
  A shambling mangrove (Swamp:1)
  6 boulder beetles
  Erolcha (D:9)
  4 vault guards (D:13)
  10 hydras
  An ogre mage (D:15)
  2 salamander tyrants
  7 anacondas
  7 two-headed ogres
  A centaur warrior (D:14)
  An alligator (Swamp:1)
  5 orc high priests (Orc:2)
  A vampire mage (D:15)
  9 naga sharpshooters
  2 skeletal warriors (D:15)
  4 shock serpents
  A sixfirhy (Lair:6)
  7 salamander mystics
  2 goliath frogs (Swamp:1)
  5 sea snakes (Snake:4)
  A swamp dragon (Swamp:1)
  7 naga ritualists
  Pikel (D:7)
  A deep elf pyromancer (D:12)
  9 mana vipers
  3 wizards
  A harpy (shapeshifter) (Gauntlet)
  A necromancer (D:15)
  6 orc knights
  A lindwurm (Lair:4)
  12 ugly things
  2 wolf spiders
  4 orc sorcerers
  A cyclops (D:13)
  2 oklob plants
  An iron dragon zombie (D:15)
  A will-o-the-wisp (Swamp:1)
  12 salamanders
  A frost giant zombie (D:15)
  3 manticores
  Maurice (D:8)
  15 elephants
  A rust devil (D:15)
  9 centaur zombies
  33 black mambas
  5 guardian serpents
  2 orange demons (Lair:6)
  2 torpor snails (Lair:4)
  A gargoyle (D:12)
  11 naga magi
  16 cane toads
  2 kobold demonologists (D:12)
  A tengu conjurer (D:13)
  11 rime drakes
  2 efreet
  5 komodo dragons
  2 yaktaurs
  8 trolls
  A red devil (Lair:6)
  3 ice devils
  A hellwing (Lair:6)
  A bloated husk (Swamp:1)
  7 tyrant leeches
  3 polar bears
  A snapping turtle (shapeshifter) (Gauntlet)
  7 blink frogs (Lair:6)
  A slime creature (Gauntlet)
  7 dream sheep (Lair:6)
  An ettin zombie (D:15)
  A vampire (D:12)
  4 wraiths (D:15)
  5 basilisks
  53 yaks
  3 wyverns
  2 fire elementals (D:13)
  A hog (D:13)
  A spriggan skeleton (D:15)
  A golden eye (shapeshifter) (Gauntlet)
  2 humans (D:13)
  Grum (D:8)
  3 steam dragons
  14 vampire mosquitoes
  34 nagas
  A neqoxec (Gauntlet)
  3 swamp worms
  3 wargs
  5 acid dragons
  15 water moccasins
  10 hell hounds
  2 small abominations (Gauntlet)
  Duvessa (D:7)
  26 orc warriors
  A black bear (D:4)
  A hornet zombie (D:5)
  3 necrophages
  10 centaurs
  4 boggarts (D:14)
  2 ice beasts (D:6)
  57 wolves
  8 ogres
  A phantom (D:6)
  A lemure (D:7)
  A kobold brigand (D:8)
  A gnoll sergeant (D:7)
  15 bullfrogs
  2 scorpions (D:5)
  Dowan (D:7)
  11 killer bees (D:9)
  7 wights
  5 electric eels
  5 howler monkeys
  3 jellies
  34 orc priests
  A gnoll shaman (D:7)
  A bullfrog skeleton (D:7)
  A centaur skeleton (D:6)
  A hound (D:5)
  Crazy Yiuf (D:3)
  2 iguanas
  26 orc wizards
  Robin (D:3)
  2 howler monkey zombies
  14 gnolls
  8 adders
  A shadow imp (D:6)
  3 worms
  3 dart slugs
  88 orcs
  12 endoplasms
  2 giant cockroaches
  8 goblins
  10 hobgoblins
  22 kobolds
  5 quokkas
  5 ball pythons
  5 bats
  3 frilled lizards
  6 rats
  A spectral goblin (D:1)
921 creatures vanquished.

Vanquished Creatures (others)
  A small abomination (Gauntlet)
  6 foxfires (Swamp:1)
  40 fungi
  71 plants
  5 withered plants (D:15)
123 creatures vanquished.

Grand Total: 1044 creatures vanquished

Notes
Turn   | Place    | Note
-------+----------+-------------------------------------------
     0 | D:1      | Armakuni the Human Gladiator began the quest for the Orb.
     0 | D:1      | Reached XP level 1. HP: 16/16 MP: 1/1
    78 | D:1      | Reached skill level 1 in Long Blades
   447 | D:1      | Reached XP level 2. HP: 22/22 MP: 2/2
  1137 | D:1      | Found a faded altar of an unknown god.
  1159 | D:1      | Reached XP level 3. HP: 27/27 MP: 3/3
  1811 | D:2      | Found a sacrificial altar of Ru.
  1962 | D:2      | Reached XP level 4. HP: 28/33 MP: 4/4
  2429 | D:3      | Reached XP level 5. HP: 32/38 MP: 5/5
  2631 | D:3      | Reached skill level 1 in Armour
  2887 | D:3      | Found a runed translucent door.
  2888 | D:3      | Noticed Crazy Yiuf
  2973 | D:3      | Killed Crazy Yiuf
  2974 | D:3      | Reached XP level 6. HP: 46/46 MP: 6/6
  3249 | D:3      | Noticed Robin
  3267 | D:3      | Killed Robin
  3808 | D:4      | Found a hazy altar of Hepliaklqana.
  4008 | D:4      | Noticed a necrophage
  4021 | D:4      | Killed a necrophage
  4022 | D:4      | Reached XP level 7. HP: 46/52 MP: 7/7
  4824 | D:4      | Found an ornate altar of the Wu Jian Council.
  4993 | D:5      | Entered Level 5 of the Dungeon
  5119 | D:4      | Reached XP level 8. HP: 44/60 MP: 8/8
  5469 | D:5      | Reached skill level 5 in Dodging
  5530 | D:5      | Reached skill level 5 in Fighting
  5581 | D:5      | Found Taag's Armour Boutique.
  5849 | D:5      | Noticed a two-headed ogre
  5864 | D:5      | Killed a two-headed ogre
  5865 | D:5      | Reached skill level 5 in Armour
  5865 | D:5      | Reached XP level 9. HP: 32/69 MP: 9/9
  6355 | D:6      | Found a staircase to the Ecumenical Temple.
  6414 | Temple   | Entered the Ecumenical Temple
  6893 | Temple   | Became a worshipper of Vehumet
  7131 | D:6      | Noticed a troll
  7144 | D:6      | Killed a troll
  7319 | D:6      | Reached XP level 10. HP: 77/77 MP: 8/10
  7721 | D:7      | Identified the +1 robe "Nesof" {Rampage *Corrode rElec
                  | Regen+}
  7849 | D:7      | Noticed Pikel
  7889 | D:7      | Killed Pikel
  7892 | D:7      | Reached * piety under Vehumet
  7892 | D:7      | Offered knowledge of Shock by Vehumet.
  7920 | D:7      | Noticed Maggie
  7925 | D:7      | Noticed Maggie
  7925 | D:7      | Maggie changed into Maggie the bullfrog
  7932 | D:7      | Killed Maggie the bullfrog
  8706 | D:7      | Noticed Duvessa
  8707 | D:7      | Noticed Dowan
  8715 | D:7      | Killed Duvessa
  8760 | D:7      | Killed Dowan
  8948 | D:8      | Noticed Grum
  8958 | D:8      | Killed Grum
  9159 | D:8      | Noticed Maurice
  9563 | D:8      | Found a staircase to the Lair.
 10238 | D:8      | Killed Maurice
 10281 | Lair:1   | Entered Level 1 of the Lair of Beasts
 10304 | D:9      | Reached skill level 5 in Long Blades
 10304 | D:9      | Reached XP level 11. HP: 83/87 MP: 11/11
 10562 | D:9      | Reached ** piety under Vehumet
 10571 | D:9      | Offered knowledge of Static Discharge by Vehumet.
 10750 | D:9      | Noticed Erolcha
 10760 | D:9      | Killed Erolcha
 11196 | D:9      | Found Izxefryt's Distillery.
 11196 | D:9      | Found Muvuj's Book Emporium.
 11218 | D:9      | Found Piossysh's Book Emporium.
 11222 | D:9      | Found Piogon's Weapon Emporium.
 11233 | D:9      | Bought a book of Touch for 338 gold pieces
 11239 | D:9      | Learned a level 4 spell: Sticky Flame
 11383 | D:9      | Offered knowledge of Dazzling Flash by Vehumet.
 11504 | D:10     | Entered Level 10 of the Dungeon
 11656 | D:10     | Reached skill level 1 in Conjurations
 11656 | D:10     | Reached skill level 1 in Fire Magic
 11666 | D:10     | Reached skill level 1 in Spellcasting
 11993 | D:10     | Reached *** piety under Vehumet
 12038 | D:10     | Reached skill level 2 in Spellcasting
 12148 | D:10     | You fall into a shaft and drop 2 floors!
 12492 | D:12     | Noticed a two-headed ogre
 12507 | D:12     | Killed a two-headed ogre
 12508 | D:12     | Reached skill level 3 in Spellcasting
 12663 | D:12     | Offered knowledge of Conjure Flame by Vehumet.
 12743 | D:11     | Reached XP level 12. HP: 68/95 MP: 15/17
 12899 | D:11     | Found a flickering gateway to a bazaar.
 12915 | Bazaar   | Entered a bazaar
 13003 | Bazaar   | Found Vuiquaw's Book Emporium.
 13014 | Bazaar   | Found Jitihown's General Store.
 13022 | Bazaar   | Found Jakay's Antique Armour Boutique.
 13033 | Bazaar   | Found Weraso Xiro's Antique Weapon Emporium.
 13044 | Bazaar   | Found Luveory's Distillery.
 13074 | Bazaar   | Bought a pair of fine gloves for 218 gold pieces
 13074 | Bazaar   | Identified the +2 pair of gloves of Oblivion {rPois rC-
                  | rN++ Slay+3} (You bought it in a shop in a bazaar)
 13398 | D:11     | Reached skill level 4 in Spellcasting
 13643 | D:11     | Reached skill level 5 in Conjurations
 13763 | D:11     | Reached skill level 5 in Fire Magic
 14462 | D:10     | Found a staircase to the Orcish Mines.
 14485 | D:10     | Reached **** piety under Vehumet
 14680 | D:10     | Offered knowledge of Fulminant Prism by Vehumet.
 14781 | Orc:1    | Entered Level 1 of the Orcish Mines
 14822 | Orc:1    | Learned a level 3 spell: Mephitic Cloud
 14908 | Orc:2    | Entered Level 2 of the Orcish Mines
 14915 | Orc:2    | Paralysed by an orc sorcerer for 4 turns
 15210 | Orc:1    | Reached skill level 5 in Spellcasting
 15254 | Orc:2    | Paralysed by an orc sorcerer for 3 turns
 15781 | Orc:1    | Found Taof's Magic Scroll Shop.
 16911 | Orc:2    | Noticed an orc high priest
 16935 | Orc:2    | Killed an orc high priest
 17018 | Orc:2    | Reached skill level 6 in Spellcasting
 17340 | Orc:2    | Noticed an orc high priest
 17673 | Orc:2    | Killed an orc high priest
 17694 | Orc:1    | Reached XP level 13. HP: 50/101 MP: 5/22
 18068 | Orc:2    | Reached ***** piety under Vehumet
 18149 | Orc:2    | Offered knowledge of Starburst by Vehumet.
 18171 | Orc:1    | Learned a level 6 spell: Starburst
 18628 | Orc:2    | Reached skill level 7 in Spellcasting
 18882 | Orc:2    | Found Gyeng's Antique Armour Shoppe.
 18882 | Orc:2    | Found Oschulyul's Jewellery Shoppe.
 18883 | Orc:2    | Found Sujuawk's Distillery.
 18883 | Orc:2    | Found Fidoh's Antique Weapon Shoppe.
 18993 | Orc:2    | Found a staircase to the Elven Halls.
 19000 | Orc:2    | Paralysed by an orc sorcerer for 3 turns
 19766 | Lair:1   | Noticed a seven-headed hydra
 19780 | Lair:1   | Killed a six-headed hydra
 19828 | Lair:1   | Reached skill level 8 in Spellcasting
 20757 | Lair:1   | Offered knowledge of Irradiate by Vehumet.
 21280 | Lair:2   | Found a gate leading to a gauntlet.
 21313 | Gauntlet | Entered a Gauntlet
 21313 | Gauntlet | Found a transporter.
 21361 | Gauntlet | Found a transporter.
 21364 | Gauntlet | Found a transporter.
 21365 | Gauntlet | Found a transporter.
 21373 | Gauntlet | Found a transporter.
 21376 | Gauntlet | Found a transporter.
 21377 | Gauntlet | Found a transporter.
 21387 | Gauntlet | Found a transporter.
 21389 | Gauntlet | Found a transporter.
 21390 | Gauntlet | Found a transporter.
 21398 | Gauntlet | Found a transporter.
 21401 | Gauntlet | Found a transporter.
 21402 | Gauntlet | Found a transporter.
 21406 | Gauntlet | Noticed a spark wasp
 21408 | Gauntlet | Found a runed translucent gate.
 21408 | Gauntlet | Found a runed translucent gate.
 21408 | Gauntlet | Found a runed translucent gate.
 21410 | Gauntlet | Found a transporter.
 21511 | Gauntlet | Reached XP level 14. HP: 76/108 MP: 26/26
 21682 | Gauntlet | Gained mutation: You occasionally shout uncontrollably at
                  | your foes. [a neqoxec]
 21695 | Gauntlet | Noticed a bunyip
 21719 | Gauntlet | a bunyip changed into a boulder beetle
 21991 | Gauntlet | Noticed a minotaur
 22182 | Lair:2   | You fall into a shaft and drop 1 floor!
 22450 | Lair:2   | Found a staircase to the Swamp.
 22488 | Lair:2   | HP: 4/86 [swamp worm (16)]
 22508 | Lair:2   | HP: 1/86 [swamp worm/harpoon shot (10)]
 23047 | Lair:2   | Noticed Gastronok
 23064 | Lair:2   | Killed Gastronok
 23527 | Lair:2   | Reached skill level 9 in Spellcasting
 23903 | Lair:2   | Learned a level 2 spell: Blink
 23990 | Lair:3   | Reached skill level 10 in Conjurations
 24291 | Lair:3   | Reached skill level 10 in Fire Magic
 25364 | Lair:4   | Reached skill level 10 in Spellcasting
 25370 | Lair:4   | Reached skill level 1 in Translocations
 26549 | Lair:4   | Found the +4 skin of Zhor {*Englaciate rC+++ SInv}
 26628 | Lair:4   | Found a staircase to the Snake Pit.
 26769 | Lair:5   | Offered knowledge of Iron Shot by Vehumet.
 26777 | Lair:5   | Learned a level 6 spell: Iron Shot
 26809 | Lair:5   | Reached skill level 10 in Fighting
 27141 | Lair:5   | Reached skill level 1 in Earth Magic
 27464 | Lair:5   | Reached XP level 15. HP: 95/115 MP: 29/29
 27538 | Lair:5   | Found a staircase to the Slime Pits.
 27861 | Lair:6   | Entered Level 6 of the Lair of Beasts
 27877 | Lair:6   | Reached skill level 5 in Earth Magic
 29027 | Lair:6   | Found a burning altar of Makhleb.
 29147 | Lair:6   | Offered knowledge of Conjure Ball Lightning by Vehumet.
 29230 | Lair:6   | Found a gateway to Hell.
 29389 | Lair:6   | Reached skill level 10 in Earth Magic
 29724 | D:9      | Bought the +3 eveningstar of the Sky {vamp, MP+9 Str+3
                  | Int+7 Dex-3} for 1506 gold pieces
 29838 | D:12     | Found an opulent altar of Gozag.
 29876 | D:12     | Learned a level 8 spell: Ignition
 29898 | D:12     | Reached skill level 1 in Maces & Flails
 30689 | D:13     | Noticed Azrael
 30830 | D:13     | Killed Azrael
 30874 | D:13     | Noticed Kirke
 31149 | D:13     | Reached XP level 16. HP: 122/122 MP: 30/30
 31150 | D:13     | Noticed a sphinx
 31152 | D:13     | Killed Kirke
 31153 | D:13     | Reached skill level 5 in Maces & Flails
 31474 | D:13     | Found a shimmering blue altar of Sif Muna.
 31755 | D:13     | Found a gate to the Vaults.
 32116 | D:14     | Offered knowledge of Spellforged Servitor by Vehumet.
 32434 | D:14     | Found a radiant altar of Vehumet.
 32636 | D:14     | Found a portal to a secret trove of treasure.
 32693 | D:14     | Noticed Nessos
 32696 | D:14     | Noticed Nessos
 32696 | D:14     | Nessos changed into Nessos the manticore
 32698 | D:14     | Killed Nessos the manticore
 33119 | D:15     | Entered Level 15 of the Dungeon
 33422 | D:15     | Found a staircase to the Depths.
 33676 | D:15     | Noticed Josephine
 33683 | D:15     | Killed Josephine
 33684 | D:15     | Reached skill level 10 in Maces & Flails
 34089 | D:15     | Found a burning altar of Makhleb.
 34433 | Snake:1  | Entered Level 1 of the Snake Pit
 34473 | Snake:1  | Learned a level 7 spell: Spellforged Servitor
 34614 | Snake:1  | Reached skill level 11 in Spellcasting
 35120 | Snake:1  | Offered knowledge of Orb of Destruction by Vehumet.
 35171 | Snake:1  | Reached XP level 17. HP: 110/128 MP: 15/32
 35887 | Snake:2  | Noticed Vashnia
 36717 | Snake:2  | Killed Vashnia
 37084 | Snake:2  | Noticed Roxanne
 37099 | Snake:2  | Killed Roxanne
 37361 | D:9      | Bought a book of Fire for 616 gold pieces
 37369 | D:9      | Learned a level 5 spell: Fireball
 37847 | Snake:2  | You fall into a shaft and drop 1 floor!
 38162 | Snake:2  | Reached skill level 12 in Spellcasting
 39241 | Snake:3  | Found Hixets's Magic Scroll Boutique.
 39241 | Snake:3  | Found Upoa's Armour Shop.
 39249 | Snake:3  | Bought a scroll of fog for 32 gold pieces
 39249 | Snake:3  | Bought a scroll of fog for 32 gold pieces
 39330 | Snake:3  | Found Umaluqes's Antique Armour Emporium.
 39819 | Snake:4  | Entered Level 4 of the Snake Pit
 39968 | Snake:4  | Reached skill level 13 in Spellcasting
 40037 | Snake:4  | Noticed Athor's ghost (adept FoAK)
 40039 | Snake:4  | Found a runed translucent door.
 40062 | Snake:4  | Noticed Aizul
 40069 | Snake:4  | Killed Aizul
 40337 | Snake:4  | Noticed Donald
 40349 | Snake:4  | Killed Donald
 40741 | Snake:4  | Found Fiqilih's Jewellery Emporium.
 40741 | Snake:4  | Found Juleel's Book Shop.
 40742 | Snake:4  | Found Zoteach's Book Shop.
 40806 | Snake:4  | Offered knowledge of Lehudib's Crystal Spear by Vehumet.
 40807 | Snake:4  | Reached XP level 18. HP: 134/134 MP: 30/35
 41262 | Snake:4  | Learned a level 8 spell: Lehudib's Crystal Spear
 41952 | Snake:4  | Got a serpentine rune of Zot
 42062 | Snake:4  | Killed Athor's ghost
 42063 | Snake:4  | Reached skill level 14 in Spellcasting
 42350 | Swamp:1  | Entered Level 1 of the Swamp
 42752 | Swamp:1  | Noticed Nikola
 42781 | Swamp:1  | Killed Nikola
 43242 | Swamp:1  | Noticed Xufiri's ghost (adept FoFi)
 43242 | Swamp:1  | Found a runed translucent gate.
 43247 | Swamp:1  | Found a runed translucent gate.
 43247 | Swamp:1  | Found a runed translucent gate.
 43268 | Swamp:1  | HP: 4/134 [swamp worm/harpoon shot (10)]
 43268 | Swamp:1  | Demolished by a swamp worm

Illustrated notes

Levels and vault maps discovered:
D:1:      erik_arrival_orb_chamber, layout_loops_cross,
          dreamdust_ecumenical_altar_drowned_temple, chequers_big_river
D:2:      layout_loops_ring, basic_altar
D:3:      layout_basic, minmay_joined_circles, uniq_crazy_yiuf_cottage,
          uniq_robin
D:4:      layout_basic, old_standard_altar, nicolae_wu_jian_glorious_leap
D:5:      layout_cave_pools, serial_shops, nicolae_shop_window_shopping
D:6:      layout_loops_ring, minmay_temple_entry_ruins, dk_noncrumbling_2
D:7:      layout_basic, kennysheep_generic_room_14, uniq_maggie, uniq_pikel,
          uniq_duvessa
D:8:      layout_loops_ring, lair_entry_dummy, uniq_grum, uniq_maurice
D:9:      layout_cave_pools, minmay_shop_grid_forest, uniq_erolcha
D:10:     layout_small_grid, hiddenorc2_lemuel
D:11:     layout_irregular_city, serial_shops, bzr_in_the_mist
D:12:     layout_stronghold, portal_ice_cave_entry_pillars_1,
          grunt_gozag_statues
D:13:     layout_layer_cave, grunt_vaults_entry_fortified, minmay_crystal_water,
          led_sif_book, uniq_azrael, uniq_kirke
D:14:     layout_rooms, enter_trove_2, minivault_14, vehumet_altar_wand_db,
          uniq_nessos
D:15:     gammafunk_depths_entry_grave, layout_irregular_city, nrook_campfire,
          demons_altar, uniq_josephine
Temple:   mainiacjoe_temple_big_plus
Lair:1:   layout_misc_corridors, minmay_hedge_maze, minivault_26,
          grunt_forest_large_clearings, infiniplex_staircase_pool_2
Lair:2:   layout_regular_city, minmay_swamp_entry_worms, gauntlet_entry_generic,
          uniq_gastronok
Lair:3:   layout_concentric_octagons, serial_bayou_shore_a, grunt_megastairs_4
Lair:4:   layout_misc_corridors, guppyfry_snake_entry_island,
          hellmonk_guarded_unrand_zhor
Lair:5:   layout_gridlike, dpeg_slime_entry_corner, st_stairs_3,
          infiniplex_staircase_pool, grunt_megastairs_2
Lair:6:   evil_forest, layout_regular_city
Swamp:1:  layout_basic_swamp, gammafunk_ghost_hydra_chop,
          evilmike_swamp_ruin_wall, uniq_nikola
Snake:1:  layout_honeycomb, lemuel_fruit_tree
Snake:2:  layout_honeycomb, uniq_roxanne, uniq_vashnia
Snake:3:  layout_chambers, serial_shops, shop, minmay_shoptagon
Snake:4:  johnstein_snake_rune_scales, layout_misc_corridors,
          hellmonk_ghost_happy_afterlife, nicolae_snake_springs,
          minmay_shop_grove, uniq_donald, uniq_aizul
Orc:1:    layout_caves, serial_shops, shop
Orc:2:    st_orc_pillars, layout_caves

Skill      XL: |  1  2  3  4  5  6  7  8  9 10 11 12 13 14 15 16 17 18 |
---------------+-------------------------------------------------------+-----
Long Blades    | 1 2 3 4 5 6 |  6.0
Armour         | 1 2 3 5 6 8 9 |  9.5
Fighting       | 3 6 8 9 10 | 10.0
Shields        | 2 4 |  4.0
Dodging        | 4 6 7 8 |  8.7
Evocations     | 3 |  3.3
Conjurations   | 3 7 9 10 | 10.0
Fire Magic     | 3 7 9 10 12 13 | 13.4
Spellcasting   | 3 6 8 10 11 13 14 | 14.2
Translocations | 4 |  4.0
Earth Magic    | 3 10 | 10.0
Maces & Flails | 4 11 | 11.1
Staves         | |  3.0
Throwing       | |  2.0

Action                   |  1- 3 |  4- 6 |  7- 9 | 10-12 | 13-15 | 16-18 || total
-------------------------+-------+-------+-------+-------+-------+-------++-------
Melee: Quarterstaff      |    97 |    14 |       |       |       |       ||   111
       Falchion          |       |   121 |   208 |    97 |       |       ||   426
       Long sword        |       |       |       |   929 |   625 |       ||  1554
       Unarmed           |       |       |       |     6 |       |       ||     6
       Scimitar          |       |       |       |       |   259 |     7 ||   266
       Eveningstar       |       |       |       |       |    18 |   266 ||   284
Throw: Throwing net      |       |     1 |       |     8 |     2 |       ||    11
       Dart              |       |     1 |    10 |    32 |    12 |       ||    55
 Cast: Sticky Flame      |       |       |       |    31 |   181 |    38 ||   250
       Mephitic Cloud    |       |       |       |     9 |    20 |       ||    29
       Starburst         |       |       |       |       |    42 |    97 ||   139
       Blink             |       |       |       |       |     3 |       ||     3
       Iron Shot         |       |       |       |       |    23 |   193 ||   216
       Fireball          |       |       |       |       |       |    70 ||    70
Evoke: Wand              |       |       |       |     3 |    15 |    21 ||    39
       Tin of tremorston |       |       |       |       |     2 |     5 ||     7
  Use: Scroll            |     3 |     3 |     3 |     6 |     7 |    20 ||    42
       Potion            |       |       |     2 |     7 |     1 |    11 ||    21
 Stab: Held in net/web   |       |     1 |       |     1 |       |       ||     2
       Sleeping          |       |       |     1 |       |     1 |       ||     2
       Invisible         |       |       |       |     3 |       |       ||     3
       Confused          |       |       |       |     3 |     9 |       ||    12
Armor: Leather armour    |     7 |       |    27 |       |       |       ||    34
       Ring mail         |    28 |    36 |    38 |       |       |       ||   102
       Swamp dragon scal |       |       |       |   410 |   303 |       ||   713
       Troll leather arm |       |       |       |    13 |       |       ||    13
       Animal skin       |       |       |       |       |   154 |   150 ||   304
Dodge: Dodged            |    65 |    75 |   101 |   791 |   758 |   318 ||  2108
Block: Buckler           |       |    18 |   108 |   486 |   591 |   140 ||  1343
       Reflection        |       |     1 |       |     5 |     3 |    10 ||    19

Table legend: (Time is in decaauts)
 A = Elapsed time spent in this place.
 B = Non-inter-level travel time spent in this place.
 C = Inter-level travel time spent in this place.
 D = Time resting spent in this place.
 E = Time spent auto-exploring this place.
 F = Levels seen in this place.
 G = Mean time per level.
                   A        B        C        D        E       F      G
               +--------+--------+--------+--------+--------+-----+--------+
         Total |  43719 |  41697 |   2022 |  10768 |  21895 |  31 | 1410.3 |
       Dungeon |  19563 |  18655 |    908 |   2767 |  11838 |  15 | 1304.2 |
        Temple |    501 |    437 |     64 |      0 |    292 |   1 |  501.0 |
          Lair |   9739 |   9078 |    661 |   2253 |   4777 |   6 | 1623.2 |
         Swamp |    844 |    844 |      0 |    436 |    210 |   1 |  844.0 |
     Snake Pit |   7610 |   7422 |    188 |   2801 |   3385 |   4 | 1902.5 |
  Orcish Mines |   4585 |   4386 |    199 |   2157 |   1094 |   2 | 2292.5 |
        Bazaar |    172 |    172 |      0 |      0 |    131 |   1 |  172.0 |
      Gauntlet |    701 |    701 |      0 |    352 |    167 |   1 |  701.0 |
               +--------+--------+--------+--------+--------+-----+--------+

Top non-repeatable levels by time:
 Snake:1: 2528 daAuts
   Orc:2: 2337 daAuts
 Snake:4: 2300 daAuts
   Orc:1: 2248 daAuts
  Lair:1: 1946 daAuts
  Lair:3: 1848 daAuts
  Lair:2: 1795 daAuts
    D:12: 1676 daAuts
  Lair:6: 1645 daAuts
    D:10: 1610 daAuts
 Snake:3: 1591 daAuts
     D:7: 1563 daAuts
     D:4: 1527 daAuts
     D:1: 1519 daAuts
     D:3: 1481 daAuts
